 Dungeon Crawl Stone Soup version 0.27.1-33-g824d729ab1 (webtiles) character file.

Game seed: 15807014556507172420

4113 Sarah the Archer (level 10, -31/89 HPs)
             Began as a Red Draconian Hunter on Nov 26, 2021.
             Was a Priest of Ashenzari.
             Annihilated by Gastronok (34 damage)
             ... on level 8 of the Dungeon.
             The game lasted 01:22:01 (8060 turns).

Sarah the Archer (Red Draconian Hunter)             Turns: 8060, Time: 01:22:02

Health: -31/89     AC: 10    Str: 14    XL:     10   Next: 6%
Magic:  14/17      EV: 15    Int: 19    God:    Ashenzari [***...]
Gold:   380        SH:  0    Dex: 14    Spells: 10/18 levels left

rFire    . . .     SeeInvis +   a - +1 shortbow of Ashenzari's Scepticism {Range, Cun} (curse)
rCold    + . .     Faith    .   (shield currently unavailable)
rNeg     . . .     Spirit   .   (armour unavailable)
rPois    .         Reflect  .   (helmet restricted)
rElec    .         Harm     .   (no cloak)
rCorr    .         Rampage  .   (no gloves)
Will     .....     Clarity  +   j - +2 pair of boots "Sublime Discomfort" {Melee, Range} (curse)
Stlth    +++.......             (no amulet)
HPRegen  0.24/turn              A - ring of Toth-Mos's Legacy {Ice, Evo, Cun} (curse)
MPRegen  0.15/turn              g - ring of Ashenzari's Sybil {Int+6, Cun, Bglg} (curse)

@: short of breath, slowed, very slow
A: breathe fire, AC +7, unfitting armour, fire resistance 1, cold-blooded,
robust 1, subdued magic 1
a: Breathe Fire, Renounce Religion, Curse Item, Shatter the Chains


You were on level 8 of the Dungeon.
You worshipped Ashenzari.
Ashenzari was most pleased with you.
You visited 1 branch of the dungeon, and saw 8 of its levels.
You also visited: Sewer and Ossuary.

You collected 380 gold pieces.

Inventory:

Hand Weapons
 a - the cursed +1 shortbow of Ashenzari's Scepticism (weapon) {Range, Cun}

   It has a curse which improves the following skills: Ranged Combat: Slings,
   Bows, Crossbows and Throwing.
   Cunning:   Dodging and Stealth.
 b - a +0 short sword
 h - a +0 hunting sling
 k - a +0 quarterstaff
Missiles
 c - 16 arrows (quivered ammo)
 e - 31 bolts
 l - 57 sling bullets
 m - 2 throwing nets
 s - a boomerang
 t - 15 datura-tipped darts
 y - 4 atropa-tipped darts
Armour
 j - the cursed +2 pair of boots "Sublime Discomfort" (worn) {Melee, Range}
   (You found it on level 5 of the Dungeon)

   It has a curse which improves the following skills: Melee Combat: Short
   Blades, Long Blades, Axes, Maces & Flails, Polearms, Staves and Unarmed
   Combat.
   Ranged Combat: Slings, Bows, Crossbows and Throwing.
Jewellery
 g - the cursed ring of Ashenzari's Sybil (right hand) {Int+6, Cun, Bglg}
   (You found it on level 6 of the Dungeon)

   [ring of intelligence]

   Int:       It affects your intelligence (+6).
   It has a curse which improves the following skills: Cunning: Dodging and
   Stealth.
   Beguiling: Conjurations, Hexes and Translocations.
 r - a ring of ice
 A - the cursed ring of Toth-Mos's Legacy (left hand) {Ice, Evo, Cun}
   (You found it on level 5 of the Dungeon)

   [ring of ice]

   It enhances your ice magic.
   rF:        It makes you vulnerable to fire.
   rC:        It protects you from cold.
   It has a curse which improves the following skills: Evocations: Evocations.
   Cunning:   Dodging and Stealth.
Scrolls
 d - 4 scrolls of enchant armour
 p - a scroll of amnesia
 q - 3 scrolls of immolation
Potions
 i - 2 potions of degeneration
 n - 4 potions of magic
 o - 2 potions of cancellation
 u - 3 potions of lignification
 w - 4 potions of invisibility
 x - 2 potions of brilliance
 z - a potion of might
 B - a potion of flight
Miscellaneous
 f - a phial of floods (inert)


   Skills:
 + Level 5.5 Fighting
 + Level 1.7(3.3) Short Blades
 + Level 1.7(3.3) Long Blades
 + Level 1.7(3.9) Axes
 + Level 1.7(3.6) Maces & Flails
 + Level 3.0(5.0) Polearms
 + Level 1.7(3.9) Staves
 + Level 1.5(3.7) Slings
 + Level 8.8(11.6) Bows
 + Level 1.5(3.5) Crossbows
 + Level 1.9(4.2) Throwing
 + Level 3.6(7.1) Dodging
 + Level 2.6(5.7) Stealth
 + Level 1.7 Shields
 + Level 1.7(3.1) Unarmed Combat
 * Level 4.9 Spellcasting
 + Level 1.7(3.1) Conjurations
 + Level 1.5(2.8) Hexes
 + Level 1.7 Summonings
 + Level 3.1 Necromancy
 + Level 2.3(3.8) Translocations
 + Level 1.7 Transmutations
 + Level 2.1 Fire Magic
 + Level 1.3 Ice Magic
 + Level 2.0 Air Magic
 + Level 2.3 Earth Magic
 + Level 2.0 Poison Magic
 + Level 2.0 Invocations
 + Level 2.2(3.7) Evocations


You had 10 spell levels left.
You knew the following spells:

 Your Spells              Type           Power      Damage    Failure   Level
a - Poisonous Vapours     Pois/Air       18%        N/A       7%          2
b - Corpse Rot            Necr/Air       N/A        N/A       5%          2
c - Passage of Golubria   Tloc           N/A        N/A       22%         4

Your spell library contained the following spells:

 Spells                   Type           Power      Damage    Failure   Level
 Silence                  Hex/Air        5%         N/A       73%         5
 Freezing Cloud           Conj/Ice/Air   7%         6-21      78%         5
 Lehudib's Crystal Spear  Conj/Erth      5%         10d3      100%        8


Dungeon Overview and Level Annotations

Branches:
Dungeon (8/15)             Temple (0/1) D:7           Sewer (visited)
Ossuary (visited)
   Lair: D:8-11

Altars:
Ashenzari
Dithmenos
Qazlal

Shops:
D:8 !

Annotations:
D:8 Gastronok


Innate Abilities, Weirdness & Mutations

You can breathe blasts of fire.
Your fiery red scales are hard. (AC +7)
You cannot fit into any form of body armour.
Your flesh is heat resistant. (rF+)
You are cold-blooded and may be slowed by cold attacks.
You are robust. (+10% HP)
Your spells are a little easier to cast, but a little less powerful.


Message History

Aiming: Poisonous Vapours (safe; 7% risk of failure)
Press: ? - help, Dir - move target, f/p - Gastronok
Aim: Gastronok, wearing a +0 hat of willpower (severely wounded) Poisonous vapours surround Gastronok!
Gastronok is poisoned.
The bat closely misses you. x2; The white imp misses you.
Gastronok bites you.
* * * LOW HITPOINT WARNING * * *
The bat closely misses you. The bat hits you but does no damage. x2
The white imp gestures at you. The puff of frost hits you. You resist.
* * * LOW HITPOINT WARNING * * *
The bat closely misses you.
Okay, then.
Unknown command.
Okay, then.
Okay, then.
You have got your breath back.
The bat closely misses you. The bat barely misses you.
Gastronok chants a spell, wobbling all the while.
Gastronok puts on a burst of speed!
The white imp hits you.
* * * LOW HITPOINT WARNING * * *
The white imp freezes you. You resist.
* * * LOW HITPOINT WARNING * * *
Press: ? - help, Shift-Dir - straight line, f - white imp, p - Gastronok
Aim: a white imp You breathe a blast of fire.
The fiery breath hits the white imp!
The white imp is burned terribly!
You kill the white imp!
The bat closely misses you. x3
The orc shouts!
The bat hits you but does no damage. The bat barely misses you.
The bat hits you but does no damage.
Gastronok looks more healthy.
The bat barely misses you. The bat completely misses you. The bat hits you.
* * * LOW HITPOINT WARNING * * *
The bat misses you. The bat hits you but does no damage. Gastronok bites you!
* * * LOW HITPOINT WARNING * * *
The bat hits you but does no damage. The bat closely misses you.
The bat hits you but does no damage. Gastronok bites you!!
You die...

.....## , , *,
.#.#...########*, *,
...............,, #
.#.#...<..########...,
......)..............
###.......(....#....
#.....(......#...., **
##.(((..b......"...
,.....b..@wo........
.......#............
###....#..........##.
, #..####.b..#......,
, * ** #...#####.##...
, * ,, ,, **###.,
##*... , , , .., ,*,
*... , , * , *##.. * *
*


You could see Gastronok (swift), an orc and 2 bats.

Vanquished Creatures
  A troll (D:6)
  A hornet (D:7)
  Sigmund (D:6)
  A wyvern (D:7)
  Menkaure (D:6)
  4 ice beasts
  A necrophage (D:7)
  A centaur (D:7)
  2 ogres
  2 phantoms
  An elf zombie (Ossuary)
  2 kobold brigands (Sewer)
  3 scorpions
  4 wights (D:7)
  A jelly (D:4)
  3 orc priests
  2 bullfrog skeletons (D:6)
  A centaur skeleton (D:6)
  6 iguanas
  3 orc wizards (D:7)
  A hound zombie (Ossuary)
  5 hound skeletons
  4 mummies (Ossuary)
  7 gnolls
  10 adders
  2 howler monkey skeletons
  2 river rats (D:5)
  5 white imps
  6 worms
  A dart slug (D:3)
  14 orcs
  7 ball pythons
  6 bats
  10 endoplasms
  3 giant cockroaches
  5 goblins
  6 hobgoblins
  4 jackals (D:4)
  16 kobolds
  6 quokkas
  6 frilled lizards
  2 goblin zombies (Ossuary)
  3 hobgoblin zombies (Ossuary)
  A jackal zombie (Ossuary)
  A kobold zombie (Ossuary)
  An orc zombie (Ossuary)
  7 rats
  2 rat zombies (Ossuary)
184 creatures vanquished.

Vanquished Creatures (collateral kills)
  A bullfrog (D:7)
  A centaur zombie (D:7)
  A howler monkey zombie (D:7)
  A kobold (Sewer)
4 creatures vanquished.

Vanquished Creatures (others)
  3 fungi (Sewer)
  15 plants
18 creatures vanquished.

Grand Total: 206 creatures vanquished

Notes
Turn   | Place    | Note
-------+----------+-------------------------------------------
     0 | D:1      | Sarah the Draconian Hunter began the quest for the Orb.
     0 | D:1      | Reached XP level 1. HP: 17/17 MP: 1/1
    72 | D:1      | Reached skill level 4 in Bows
   123 | D:1      | Reached XP level 2. HP: 24/24 MP: 2/2
   496 | D:2      | Reached skill level 1 in Stealth
   574 | D:2      | Reached XP level 3. HP: 16/29 MP: 4/4
   858 | D:2      | Reached skill level 1 in Spellcasting
  1530 | D:3      | Reached XP level 4. HP: 37/37 MP: 5/5
  1597 | D:3      | Found a broken altar of Ashenzari.
  1620 | D:3      | Gained mutation: Your spells are a little easier to cast,
                  | but a little less powerful. [potion of mutation]
  1620 | D:3      | Gained mutation: You are robust. (+10% HP) [potion of
                  | mutation]
  1826 | D:3      | Became a worshipper of Ashenzari the Shackled
  1995 | D:3      | Reached skill level 5 in Bows
  2076 | D:3      | Found a faded altar of an unknown god.
  2124 | D:3      | Reached XP level 5. HP: 46/46 MP: 7/7
  2576 | D:4      | Reached * piety under Ashenzari
  2629 | D:4      | Reached XP level 6. HP: 48/56 MP: 7/9
  2687 | D:4      | Noticed an ice beast
  2707 | D:4      | Killed an ice beast
  2708 | D:4      | Reached skill level 6 in Bows
  2726 | D:4      | Your scales start taking on a fiery red colour.
  2726 | D:4      | Reached XP level 7. HP: 18/62 MP: 10/10
  2726 | D:4      | Gained mutation: Your flesh is heat resistant. (rF+) [Red
                  | Draconian growth]
  3147 | D:4      | Found a shadowy altar of Dithmenos.
  3428 | D:5      | Entered Level 5 of the Dungeon
  3708 | D:5      | Found a glowing drain.
  3712 | Sewer    | Entered a sewer
  3793 | Sewer    | Reached skill level 7 in Bows
  4093 | Sewer    | Reached skill level 1 in Short Blades
  4093 | Sewer    | Reached skill level 1 in Long Blades
  4093 | Sewer    | Reached skill level 1 in Axes
  4093 | Sewer    | Reached skill level 1 in Maces & Flails
  4093 | Sewer    | Reached skill level 1 in Staves
  4093 | Sewer    | Reached skill level 1 in Slings
  4093 | Sewer    | Reached skill level 1 in Crossbows
  4093 | Sewer    | Reached skill level 1 in Throwing
  4093 | Sewer    | Reached skill level 1 in Shields
  4093 | Sewer    | Reached skill level 1 in Unarmed Combat
  4093 | Sewer    | Reached skill level 1 in Conjurations
  4093 | Sewer    | Reached skill level 1 in Hexes
  4093 | Sewer    | Reached skill level 1 in Summonings
  4093 | Sewer    | Reached skill level 1 in Transmutations
  4093 | Sewer    | Reached skill level 1 in Ice Magic
  4093 | Sewer    | Reached skill level 1 in Air Magic
  4093 | Sewer    | Reached skill level 1 in Poison Magic
  4093 | Sewer    | Reached XP level 8. HP: 71/73 MP: 11/13
  4097 | Sewer    | Learned a level 2 spell: Poisonous Vapours
  4408 | D:5      | Reached ** piety under Ashenzari
  4411 | D:5      | Found a stormy altar of Qazlal.
  4456 | D:5      | Reached XP level 9. HP: 71/80 MP: 14/14
  4678 | D:6      | Noticed Menkaure
  4679 | D:6      | Killed Menkaure
  4680 | D:6      | Reached skill level 8 in Bows
  4693 | D:6      | Found a sand-covered staircase.
  4718 | Ossuary  | Entered an ossuary
  5113 | Ossuary  | Learned a level 2 spell: Corpse Rot
  5233 | D:6      | Noticed Sigmund
  5245 | D:6      | Killed Sigmund
  5399 | D:6      | Noticed a troll
  5456 | D:6      | Killed a troll
  5457 | D:6      | Reached skill level 5 in Fighting
  5747 | D:6      | Reached *** piety under Ashenzari
  5774 | D:6      | Identified the +0 long sword "Ined Doef" {freeze, +Rage
                  | rElec rC+++ Int-4}
  6422 | D:7      | Found a staircase to the Ecumenical Temple.
  7728 | D:7      | Reached XP level 10. HP: 89/89 MP: 17/17
  7869 | D:7      | Learned a level 4 spell: Passage of Golubria
  8015 | D:8      | Noticed Gastronok
  8015 | D:8      | Found Alotzoh's Distillery.
  8059 | D:8      | HP: 2/89 [Gastronok (17)]
  8060 | D:8      | Annihilated by Gastronok

Illustrated notes

Levels and vault maps discovered:
D:1:      ebering_hopf_link, layout_rooms
D:2:      layout_basic
D:3:      layout_rooms, mainiacjoe_overflow_24_doors,
          shapermc_ecumenical_altar_mp_vishouse, chequers_jeans
D:4:      layout_loops_ring, nicolae_dithmenos_the_darkroom,
          minmay_fractal_squares_5
D:5:      layout_basic, grunt_qazlal_clouds, gup_sewer_entry_spiral,
          chequers_serial_rivers_small_b, hangedman_abyss_or_decor_lesser_grid
D:6:      layout_layer_cave, nicolae_ossuary_entry_false_entrances,
          uniq_sigmund, uniq_menkaure
D:7:      layout_basic, minmay_temple_entry_wispy, minivault_19,
          serial_bayou_ford_a, sigmund_army
D:8:      layout_cave_pools, nicolae_overflow_crystal_walls, xom_butterflies,
          kennysheep_mini_moat, serial_co_window_serial, co_window_paths_a,
          co_window_corner_a, co_window_paths_b, co_window_of_opportunity_a,
          co_window_corner_a, co_window_corner_ca, co_window_corner_b,
          co_window_corner_b, co_window_unsneaky_path_a, co_window_corner_cb,
          co_window_corner_b, co_window_broadway_a, co_window_paths_d,
          glass_columns_a, glass_columns_c, glass_columns_a, glass_columns_b,
          serial_shops, shop, uniq_gastronok

Skill      XL: |  1  2  3  4  5  6  7  8  9 10 |
---------------+-------------------------------+-----
Bows           | 4 5 6 7 8 |  8.8
Stealth        | 1 2 |  2.6
Spellcasting   | 1 2 3 4 |  4.9
Dodging        | 2 3 |  3.6
Fighting       | 3 4 5 |  5.5
Short Blades   | 1 |  1.7
Long Blades    | 1 |  1.7
Axes           | 1 |  1.7
Maces & Flails | 1 |  1.7
Polearms       | 3 |  3.0
Staves         | 1 |  1.7
Slings         | 1 |  1.5
Crossbows      | 1 |  1.5
Throwing       | 1 |  1.9
Shields        | 1 |  1.7
Unarmed Combat | 1 |  1.7
Conjurations   | 1 |  1.7
Hexes          | 1 |  1.5
Summonings     | 1 |  1.7
Necromancy     | 3 |  3.1
Translocations | 2 |  2.3
Transmutations | 1 |  1.7
Fire Magic     | 2 |  2.1
Ice Magic      | 1 |  1.3
Air Magic      | 1 2 |  2.0
Earth Magic    | 2 |  2.3
Poison Magic   | 1 2 |  2.0
Invocations    | 2 |  2.0
Evocations     | 2 |  2.2

Action                   |  1- 3 |  4- 6 |  7- 9 | 10-12 || total
-------------------------+-------+-------+-------+-------++-------
 Fire: Shortbow          |    78 |   147 |   317 |    28 ||   570
Throw: Dart              |       |       |     8 |       ||     8
       Boomerang         |       |       |     7 |       ||     7
 Cast: Poisonous Vapours |       |       |    11 |     7 ||    18
Invok: Curse Item        |       |     1 |     3 |       ||     4
 Abil: Breathe Fire      |       |       |    55 |     5 ||    60
Evoke: Wand              |       |     8 |     5 |       ||    13
       Phial of floods   |       |       |     1 |       ||     1
  Use: Scroll            |     3 |       |     4 |       ||     7
       Potion            |     1 |     3 |     9 |       ||    13
Armor: Skin              |     2 |    21 |    88 |    20 ||   131
Dodge: Dodged            |    14 |    39 |   214 |    47 ||   314
